 Dungeon Crawl Stone Soup version 0.24.0-125-gc4c63601f3 (webtiles) character file.

Game seed: 15764933528484518506, levelgen mode: deterministic

189 Peloso the Shield-Bearer (level 5, -2/47 HPs)
             Began as a Minotaur Fighter on Mar 21, 2020.
             Blown up by Ijyb (20 damage)
             ... with a disintegration bolt
             ... on level 3 of the Dungeon.
             The game lasted 00:03:10 (1560 turns).

Peloso the Shield-Bearer (Minotaur Fighter)         Turns: 1560, Time: 00:03:11

Health: -2/47      AC:  9    Str: 21    XL:     5   Next: 40%
Magic:  4/4        EV:  6    Int:  5    God:
Gold:   66         SH:  9    Dex: 10    Spells: 4/4 levels left

rFire    . . .     SeeInvis .   a - +0 long sword
rCold    . . .     Gourm    .   c - +0 shield
rNeg     . . .     Faith    .   m - +0 chain mail
rPois    .         Spirit   .   (helmet restricted)
rElec    .         Reflect  .   (no cloak)
rCorr    .         Harm     .   (no gloves)
MR       .....                  (no boots)
Stlth    ..........             (no amulet)
HPRegen  0.15/turn              l - ring of attention (curse)
MPRegen  0.09/turn              (no ring)

@: no status effects
A: retaliatory headbutt, horns 2
a: no special abilities


You were on level 3 of the Dungeon.
You were not hungry.

You visited 1 branch of the dungeon, and saw 3 of its levels.

You collected 66 gold pieces.

Inventory:

Hand Weapons
 a - a +0 long sword (weapon)
Armour
 b - a +0 scale mail
 c - a +0 shield (worn)
 m - a +0 chain mail (worn)
Jewellery
 l - a cursed ring of attention (left hand)
 o - a cursed ring of teleportation {unknown}
Scrolls
 e - 4 scrolls of remove curse {unknown}
 j - a scroll of enchant armour {unknown}
 k - 2 scrolls of identify {unknown}
 n - a scroll of amnesia {unknown}
Potions
 d - a potion of might
 g - a potion of curing {unknown}
 h - a potion of flight {unknown}
 i - a potion of brilliance {unknown}
Comestibles
 f - 4 rations
 p - 2 chunks of flesh


   Skills:
 + Level 4.7 Fighting
 + Level 4.2 Long Blades
 + Level 4.5 Armour
 + Level 1.2 Dodging
 + Level 4.7 Shields


You had 4 spell levels left.
You didn't know any spells.
Your spell library was empty.

Dungeon Overview and Level Annotations

Branches:
Dungeon (3/15)

Altars:
Hepliaklqana
Ru
Vehumet

Annotations:
D:3 Ijyb


Innate Abilities, Weirdness & Mutations

You reflexively headbutt those who attack you in melee.
You have a pair of horns on your head.


Message History

p - 2 chunks of flesh (gained 1)
Items here: )) [ รท a +0 hand axe; a +0 ring mail; a +0 hand axe; an orc skeleton
Found a cloak.
A kobold and Ijyb come into view.
Ijyb shouts!
The kobold shouts!
Ijyb zaps a wand.
You are blasted!
The kobold throws a poisoned dart.
You block the poisoned dart.
You see here a poisoned dart.
Ijyb screams, "I dance on your bones!"
The kobold throws a poisoned dart.
You block the poisoned dart.
You see here a poisoned dart.
You hit Ijyb. Your headbutt misses Ijyb.
Ijyb is lightly wounded.
Ijyb hits you but does no damage.
The kobold hits you with a +0 short sword.
You closely miss Ijyb.
Ijyb is lightly wounded.
Ijyb zaps a wand.
You are blasted!
You die...

#.........#
#####.........#
#.............#
#.............#
#.............#
#.....####....#
#...(..........
#.............
#.@.........
#Kg.........
#.[.........
#...........
#...........
#...........
#..........
#.........


You could see Ijyb and a kobold.

Vanquished Creatures
  An orc priest (D:3)
  An orc wizard (D:3)
  6 adders
  An ooze (D:1)
  A worm (D:3)
  3 dart slugs
  4 leopard geckos
  3 orcs (D:3)
  3 ball pythons
  9 bats
  3 giant cockroaches
  5 hobgoblins
  2 quokkas (D:2)
  5 frilled lizards
  6 goblins
  2 kobolds (D:2)
  6 rats
61 creatures vanquished.

Notes
Turn   | Place    | Note
-------+----------+-------------------------------------------
     0 | D:1      | Peloso the Minotaur Fighter began the quest for the Orb.
     0 | D:1      | Reached XP level 1. HP: 19/19 MP: 0/0
    35 | D:1      | Reached XP level 2. HP: 23/27 MP: 1/1
   213 | D:1      | Reached XP level 3. HP: 31/33 MP: 2/2
   573 | D:2      | Reached XP level 4. HP: 41/41 MP: 3/3
   944 | D:2      | Found a hazy altar of Hepliaklqana.
  1475 | D:3      | Found a radiant altar of Vehumet.
  1475 | D:3      | Found a sacrificial altar of Ru.
  1503 | D:3      | Reached skill level 1 in Dodging
  1513 | D:3      | Reached XP level 5. HP: 34/47 MP: 4/4
  1555 | D:3      | Noticed Ijyb
  1560 | D:3      | Blown up by Ijyb

Levels and vault maps discovered:
D:1:      zaba_arrival_water, layout_rooms
D:2:      layout_loops_corners, old_standard_altar, roderic_lattice_a,
          minmay_diced_spiral
D:3:      layout_basic, amethyst_overflow_temple_binary, first_ration,
          chequers_arboretum, uniq_ijyb, uniq_sigmund

Skill      XL: |  1  2  3  4  5 |
---------------+----------------+-----
Shields        | 4 |  4.7
Armour         | 4 |  4.5
Fighting       | 4 |  4.7
Long Blades    | 3 4 |  4.2
Dodging        | 1 |  1.2

Action                   |  1- 3 |  4- 6 || total
-------------------------+-------+-------++-------
Melee: Long sword        |    73 |    70 ||   143
       Headbutt          |    12 |     6 ||    18
  Eat: Chunk             |       |     2 ||     2
Armor: Scale mail        |    45 |     7 ||    52
       Chain mail        |       |    14 ||    14
Dodge: Dodged            |    31 |    23 ||    54
Block: Shield            |    52 |    39 ||    91
       Rpst.: Long sword |     4 |     7 ||    11
